 Dungeon Crawl Stone Soup version 0.15.2 (webtiles) character file.

100 magipi the Chopper (level 4, -2/26 HPs)
             Began as a Gargoyle Gladiator on Sept 30, 2015.
             Killed from afar by an orc wizard (6 damage)
             ... with a puff of flame
             ... on Level 4 of the Dungeon.
             The game lasted 00:08:11 (1147 turns).

magipi the Chopper (Gargoyle Gladiator)             Turns: 1147, Time: 00:08:11

HP  -2/26        AC 10     Str 19      XL: 4   Next: 74%
MP   4/4         EV 10     Int  8      God:
Gold 75          SH  0     Dex 11      Spells:  0 memorised,  3 levels left

rFire  . . .     SeeInvis .     a - +0 war axe
rCold  + . .     Clarity  .     g - +0 ring mail
rNeg   + . .     rCorr    .     (no shield)
rPois  +         rRot     +     c - +0 helmet
rElec  +         Spirit   .     (no cloak)
SustAb .         Warding  .     s - +0 pair of gloves
rMut   .         Stasis   .     (no boots)
Gourm  .                        (no amulet)
MR     .....                    (no ring)
                                r - ring of protection from cold

@: very slightly contaminated, invisible, not resistant to hostile enchantments,
very unstealthy
A: negative energy resistance 1, electricity resistance, unbreathing,
petrification resistance, rot immunity, AC +3
a: no special abilities


You were on level 4 of the Dungeon.
You were not hungry.

You visited 1 branch of the dungeon, and saw 4 of its levels.

You collected 75 gold pieces.

Inventory:

Hand weapons
 a - a +0 war axe (weapon)
Missiles
 d - 2 throwing nets (quivered)
Armour
 c - a +0 helmet (worn)
 g - a +0 ring mail (worn)
 k - a +0 scale mail
 s - a +0 pair of gloves (worn)
Magical devices
 o - a wand of magic darts (16)
Comestibles
 f - 3 bread rations
 j - 2 meat rations
 u - a slice of pizza
Scrolls
 b - a scroll of fog {unknown}
 e - 2 scrolls of teleportation
 h - 4 scrolls of recharging {unknown}
 l - 2 scrolls of identify {unknown}
 m - a scroll of immolation {unknown}
 t - a scroll of enchant weapon {unknown}
Jewellery
 r - a ring of protection from cold (left hand)
Potions
 n - a potion of degeneration {unknown}
 p - a potion of restore abilities {unknown}
 q - 2 potions of curing


   Skills:
 - Level 2.1 Fighting
 + Level 4.8 Axes
 - Level 2.0 Throwing
 - Level 2.4 Dodging


You had 3 spell levels left.
You didn't know any spells.

Dungeon Overview and Level Annotations

Branches:
Dungeon (4/15)
 Temple: D:4-7

Altars:
Elyvilon

Annotations:
D:4 Sigmund


Innate Abilities, Weirdness & Mutations

You are resistant to torment.
You are immune to poison.
Your stone body is very resilient (AC +3).
You resist negative energy.
You are resistant to electric shocks.
You can survive without breathing.
You are immune to petrification.
You are immune to rotting.

Vault maps used:
D:1:      dpeg_arrival_rooms_with_view
D:2:      lemuel_flame_loot_1
D:3:      first_bread, grunt_decor_clamped, minmay_divided_ellipse
D:4:      hangedman_decor_lopped, lemuel_angel_altar, uniq_sigmund, uniq_duvessa


Message History

You slash the jackal skeleton!
You destroy the jackal skeleton!
h - 4 scrolls labeled BLAGOFEFINT (gained 1)
e - 2 scrolls of teleportation (gained 1)
Found a slice of pizza and 19 stones.
u - a slice of pizza You see here 19 stones.
An orc priest comes into view. It is wielding a dagger.
The orc priest shouts!
An orc comes into view. It is wielding a club.
You start waiting.
The orc priest closely misses you.
Your ring mail prevents you from hitting the orc priest.
The orc priest hits you but does no damage.
You completely miss the orc priest. The orc priest completely misses you.
The orc priest hits you but does no damage.
You closely miss the orc priest.
The orc priest hits you but does no damage.
You barely miss the orc priest.
The orc priest invokes the aid of Beogh against you.
Something smites you!
Ouch! That really hurt!
You hit the orc priest.
The orc priest is lightly wounded.
The orc priest mumbles some strange prayers to Beogh against you.
You barely resist. You slash the orc priest!
The orc priest is almost dead.
The orc priest utters an invocation to Beogh.
You feel troubled.
The orc priest hits you but does no damage.
You barely miss the orc priest.
The orc priest is almost dead.
The orc priest hits you with a dagger.
You closely miss the orc priest.
The orc priest is almost dead.
The orc priest closely misses you.
You slash the orc priest!
You kill the orc priest!
Things that are here:
a dagger; an orc corpse An orc comes into view.
It is wielding a club.
The orc shouts!
An orc wizard comes into view. It is wielding a dagger.
The orc wizard shouts!
The orc barely misses you.
The orc wizard mumbles some strange words.
The orc wizard flickers and vanishes!
Deactivating autopickup; reactivate with Ctrl-A.
You closely miss the orc. The orc hits you with a club.
You slash the orc!
You kill the orc!
You see here a club.
You miss something.
You hear some strange, mumbled words.
The magic dart hits you!
You hit something.
You hear some strange, mumbled words.
The magic dart hits you! Something hits you but does no damage.
You miss something. Something hits you but does no damage.
You hit something but do no damage. Something hits you.
You miss something.
You hear some strange, mumbled words.
The magic dart hits you!
* * * LOW HITPOINT WARNING * * *
You closely miss something. Something hits you but does no damage.
Something hits you but does no damage.
You miss something.
You hear some strange, mumbled words.
The puff of flame misses you.
Unknown command.
You hit something. Something hits you.
* * * LOW HITPOINT WARNING * * *
Drink which item? (? for menu, Esc to quit)
You feel better.
It was a potion of curing.
You hear some strange, mumbled words.
The magic dart hits you!
You miss something. Something hits you but does no damage.
You closely miss something.
You hear some strange, mumbled words.
The magic dart hits you! Something hits you but does no damage.
You closely miss something.
You hear some strange, mumbled words.
The puff of flame hits you!
* * * LOW HITPOINT WARNING * * *
Drink which item? (? for menu, Esc to quit)
You fade into invisibility!
It was a potion of invisibility.
Something hits you but does no damage.
You are very lightly contaminated with residual magic.
You miss something. Something hits you but does no damage.
You barely miss something. Something hits you but does no damage.
Something hits you but does no damage.
You barely miss something.
You hear some strange, mumbled words.
The puff of flame hits you!
You miss something. Something hits you but does no damage.
You barely miss something.
You hear some strange, mumbled words.
The puff of flame hits you!
You die...

...)...........
#####..####.###
#..##......
.#######.(.....###
.............###
.#######.##### #
#.#
.....##########.#
#....@)....).#
##############


There were no monsters in sight!

Table legend:
 A = Kills in this place as a percentage of kills in entire the game.
 B = Kills by you in this place as a percentage of kills by you in the entire game.
 C = Kills by friends in this place as a percentage of kills by friends in the entire game.
 D = Other kills in this place as a percentage of other kills in the entire game.
 E = Experience gained in this place as a percentage of experience gained in the entire game.
 F = Experience gained in this place divided by the number of levels of this place that you have seen.
                   A       B       C       D       E      F
               +-------+-------+-------+-------+-------+----------------------
         Total | 100.0 | 100.0 |  -nan |  -nan | 100.0 |  36.0
       Dungeon | 100.0 | 100.0 |  -nan |  -nan | 100.0 |  36.0
               +-------+-------+-------+-------+-------+----------------------

Vanquished Creatures
  An orc priest (D:4)
  3 adders (D:2)
  An orc skeleton (D:4)
  A worm (D:2)
  A giant gecko (D:1)
  An ooze (D:1)
  2 orcs
  4 bats
  A goblin (D:1)
  2 hobgoblins (D:1)
  2 giant newts (D:1)
  A jackal skeleton (D:4)
  3 kobolds
  9 rats
32 creatures vanquished.

Notes
Turn   | Place    | Note
--------------------------------------------------------------
     0 | D:1      | magipi, the Gargoyle Gladiator, began the quest for the Orb.
     0 | D:1      | Reached XP level 1. HP: 12/12 MP: 1/1
    52 | D:1      | Reached skill level 3 in Axes
    68 | D:1      | Reached XP level 2. HP: 9/17 MP: 2/2
   455 | D:2      | Reached XP level 3. HP: 21/21 MP: 3/3
   518 | D:2      | Reached skill level 4 in Axes
   738 | D:3      | Reached XP level 4. HP: 22/26 MP: 4/4
   861 | D:4      | Found a white marble altar of Elyvilon.
   861 | D:4      | Noticed an angel
   953 | D:4      | Noticed Sigmund
  1147 | D:4      | Killed from afar by an orc wizard

Action                   |  1- 3 |  4- 6 || total
-------------------------+-------+-------++-------
Melee: War axe           |    59 |    45 ||   104
Throw: Throwing net      |     4 |       ||     4
Evoke: Wand              |     1 |       ||     1
  Use: Potion            |       |     2 ||     2
       Scroll            |       |     1 ||     1
 Stab: Held in net/web   |     3 |       ||     3
  Eat: Chunk             |       |     1 ||     1

Action                   |  1- 3 |  4- 6 || total
-------------------------+-------+-------++-------
Melee: War axe           |    59 |    45 ||   104
Throw: Throwing net      |     4 |       ||     4
Evoke: Wand              |     1 |       ||     1
  Use: Potion            |       |     2 ||     2
       Scroll            |       |     1 ||     1
 Stab: Held in net/web   |     3 |       ||     3
  Eat: Chunk             |       |     1 ||     1

Action                   |  1- 3 |  4- 6 || total
-------------------------+-------+-------++-------
Melee: War axe           |    59 |    45 ||   104
Throw: Throwing net      |     4 |       ||     4
Evoke: Wand              |     1 |       ||     1
  Use: Potion            |       |     2 ||     2
       Scroll            |       |     1 ||     1
 Stab: Held in net/web   |     3 |       ||     3
  Eat: Chunk             |       |     1 ||     1
